 Dungeon Crawl Stone Soup version 0.29-a0-834-g1e95ca9f62 (webtiles) character file.

Game seed: 17305789227697911407

213 Pooter the Chopper (level 5, 0/47 HPs)
             Began as a Minotaur Monk on July 12, 2022.
             Slain by a gnoll
             ... wielding a +0 spear
             ... led by a gnoll bouda
              (5 damage)
             ... on level 4 of the Dungeon.
             The game lasted 00:16:43 (3606 turns).

Pooter the Chopper (Minotaur Monk)                  Turns: 3606, Time: 00:16:43

Health: 0/47       AC:  6    Str: 18    XL:     5   Next: 59%
Magic:  4/4        EV: 10    Int:  7    God:
Gold:   253        SH:  0    Dex: 12    Spells: 4/4 levels left

rFire   . . .      SeeInvis .   a - +1 trident (pain)
rCold   . . .      Faith    .   (no shield)
rNeg    + . .      Spirit   .   A - +0 scale mail
rPois   .          Reflect  .   (helmet restricted)
rElec   .          Harm     .   (no cloak)
rCorr   .          Rampage  .   (no gloves)
Will    .....                   (no boots)
Stlth   ..........              (no amulet)
HPRegen 0.15/turn               N - ring of positive energy
MPRegen 0.09/turn               (no ring)

@: confused, ambrosia-drunk
A: horns 2, retaliatory headbutt
a: no special abilities


You were on level 4 of the Dungeon.
You visited 1 branch of the dungeon, and saw 4 of its levels.

You collected 253 gold pieces.

Inventory:

Hand Weapons
 a - a +1 trident of pain (weapon)
   (You took it off an orc on level 4 of the Dungeon)
 b - a +0 sling
   (You found it on level 3 of the Dungeon)
 n - a +0 hand axe
 s - a +1 falchion of holy wrath
   (You took it off an orc on level 2 of the Dungeon)
 v - a +0 war axe
   (You took it off an orc on level 4 of the Dungeon)
 x - a +0 quarterstaff
   (You took it off a kobold on level 1 of the Dungeon)
Missiles
 f - 9 poisoned darts (quivered)
 Q - 7 stones
Armour
 A - a +0 scale mail (worn)
   (You took it off an orc priest on level 4 of the Dungeon)
Jewellery
 N - a ring of positive energy (left hand)
   (You found it on level 3 of the Dungeon)
Scrolls
 h - a scroll of fear
 j - a scroll of immolation {!r}
 k - a scroll of brand weapon {unknown}
 m - a scroll of noise {!r}
 p - 2 scrolls of blinking {unknown}
 r - a scroll of acquirement {unknown}
 t - a scroll of teleportation {@r4}
 w - a scroll of poison {unknown}
 y - a scroll of enchant armour
Potions
 d - a potion of degeneration {unknown}
 e - 2 potions of flight {unknown}
 g - 2 potions of cancellation {unknown}
 l - 2 potions of curing {@q1}
 o - a potion of mutation {unknown}
 q - 2 potions of might {unknown}
 u - 3 potions of resistance {unknown}
 z - a potion of invisibility {unknown}


   Skills:
 + Level 4.9 Fighting
 * Level 6.1 Axes
 + Level 1.3 Ranged Weapons
 - Level 3.2 Dodging
 + Level 2.0 Stealth
 + Level 0.7 Necromancy


You had 4 spell levels left.
You didn't know any spells.
Your spell library contained the following spells:

 Spells                   Type           Power      Damage    Failure   Level
 Ensorcelled Hibernation  Hex/Ice        0%         N/A       94%         2
 Passwall                 Tmut/Erth      0%         N/A       94%         2
 Swiftness                Air            0%         N/A       99%         3


Dungeon Overview and Level Annotations

Branches:
Dungeon (4/15)
 Temple: D:4-7

Altars:

Annotations:
D:1 2 runed translucent doors


Innate Abilities, Weirdness & Mutations

You have a pair of horns on your head.
You reflexively headbutt those who attack you in melee.


Message History

* * * LOW HITPOINT WARNING * * *
Unknown command.
You closely miss the gnoll. The gnoll hits you with a +0 spear.
* * * LOW HITPOINT WARNING * * *
The gnoll hits you but does no damage.
You hit the gnoll.
The gnoll is no longer moving quickly.
The gnoll barely misses you. You furiously retaliate!
You headbutt the gnoll. You hit the gnoll. The gnoll hits you with a +0 spear.
* * * LOW HITPOINT WARNING * * *
Unknown command.
You feel better. The gnoll hits you with a +0 spear.
* * * LOW HITPOINT WARNING * * *
You barely miss the gnoll. The gnoll closely misses you.
You hit the gnoll. The gnoll closely misses you.
You barely miss the gnoll.
Your attacks no longer feel as feeble.
The gnoll misses you.
You puncture the gnoll!
You kill the gnoll!
You closely miss the gnoll. The gnoll hits you with a +0 flail.
* * * LOW HITPOINT WARNING * * *
You hit the gnoll.
You headbutt the gnoll, but do no damage.
The gnoll hits you from afar with a +0 spear.
* * * LOW HITPOINT WARNING * * *
The gnoll hits you with a +0 flail.
* * * LOW HITPOINT WARNING * * *
You barely miss the gnoll.
The gnoll hits you from afar with a +0 spear.
* * * LOW HITPOINT WARNING * * *
The gnoll hits you with a +0 flail.
* * * LOW HITPOINT WARNING * * *
You feel better. The gnoll hits you but does no damage.
The gnoll hits you with a +0 flail.
* * * LOW HITPOINT WARNING * * *
You feel better.
The gnoll hits you from afar with a +0 spear.
* * * LOW HITPOINT WARNING * * *
The gnoll hits you with a +0 flail.
* * * LOW HITPOINT WARNING * * *
You are confused.
You feel invigorated. The gnoll closely misses you.
The gnoll barely misses you.
You completely miss the gnoll. You headbutt the gnoll!
The gnoll hits you from afar with a +0 spear.
* * * LOW HITPOINT WARNING * * *
The gnoll hits you with a +0 flail.
* * * LOW HITPOINT WARNING * * *
The gnoll hits you from afar with a +0 spear.
You die...

######### ........######
#######......###########
##>.............@gg.....
##.#.##......#########..
)..#.##......#########.
##.....................
#.#####........######
#.#####.....##.#
#.........####)#
############ #.######.#
..# #.....#####.....##.#
....


You could see 2 gnolls.

Vanquished Creatures
  2 orc priests (D:4)
  A gnoll bouda (D:4)
  A gnoll (D:4)
  An adder (D:4)
  5 dart slugs
  10 orcs
  10 ball pythons
  7 endoplasms
  2 giant cockroaches
  7 goblins
  10 hobgoblins
  8 jackals
  A quokka (D:2)
  6 bats
  3 frilled lizards
  4 kobolds
  4 rats
82 creatures vanquished.

Notes
Turn   | Place    | Note
-------+----------+-------------------------------------------
     0 | D:1      | Pooter the Minotaur Monk began the quest for the Orb.
     0 | D:1      | Reached XP level 1. HP: 19/19 MP: 0/0
   125 | D:1      | Reached skill level 4 in Axes
   132 | D:1      | Reached XP level 2. HP: 21/27 MP: 1/1
   263 | D:1      | Found a large runed translucent door.
   263 | D:1      | Found a large runed translucent door.
   266 | D:1      | Noticed an ogre
   329 | D:1      | Noticed an ogre
   352 | D:1      | Noticed an ogre
   353 | D:1      | Noticed an ogre
   795 | D:1      | Reached XP level 3. HP: 28/33 MP: 2/2
  1342 | D:1      | Found a faded altar of an unknown god.
  1522 | D:2      | Reached skill level 5 in Axes
  2239 | D:3      | Reached XP level 4. HP: 41/41 MP: 3/3
  2534 | D:3      | You fall into a shaft and drop 1 floor!
  2555 | D:4      | Noticed a scorpion
  2777 | D:4      | Reached skill level 1 in Ranged Weapons
  2777 | D:4      | Reached XP level 5. HP: 10/47 MP: 4/4
  3590 | D:4      | Reached skill level 6 in Axes
  3606 | D:4      | Slain by a gnoll

Illustrated notes

Levels and vault maps discovered:
D:1:      erik_arrival_cave_to_civilisation [erik_arrival_cave_to_temple],
          layout_loops_ring, shapermc_ecumenical_altar_petra,
          minmay_close_crescents
D:2:      layout_loops_ring
D:3:      layout_rooms
D:4:      cheibrodos_old_hovel, layout_basic, grunt_tough_drop

Skill      XL: |  1  2  3  4  5 |
---------------+----------------+-----
Axes           | 4 5 6 |  6.1
Fighting       | 4 |  4.9
Ranged Weapons | 1 |  1.3
Stealth        | 2 |  2.0
Dodging        | |  3.2
Necromancy     | |  0.7

Action                   |  1- 3 |  4- 6 || total
-------------------------+-------+-------++-------
Melee: Hand axe          |    55 |       ||    55
       Headbutt          |    10 |    11 ||    21
       Quarterstaff      |    39 |     6 ||    45
       War axe           |       |    16 ||    16
       Trident           |       |    32 ||    32
 Fire: Sling             |       |    27 ||    27
Throw: Dart              |    10 |     4 ||    14
       Stone             |     4 |       ||     4
  Use: Scroll            |     4 |     2 ||     6
       Potion            |       |     4 ||     4
 Stab: Sleeping          |     7 |     1 ||     8
Armor: Robe              |    12 |     1 ||    13
       Scale mail        |       |    11 ||    11
Dodge: Dodged            |    36 |    44 ||    80

Table legend: (Time is in decaauts)
 A = Elapsed time spent in this place.
 B = Non-inter-level travel time spent in this place.
 C = Inter-level travel time spent in this place.
 D = Time resting spent in this place.
 E = Time spent auto-exploring this place.
 F = Levels seen in this place.
 G = Mean time per level.
                   A        B        C        D        E       F      G
               +--------+--------+--------+--------+--------+-----+--------+
         Total |   3639 |   3543 |     96 |    563 |   2219 |   4 |  909.8 |
       Dungeon |   3639 |   3543 |     96 |    563 |   2219 |   4 |  909.8 |
               +--------+--------+--------+--------+--------+-----+--------+

Top non-repeatable levels by time:
     D:1: 1487 daAuts
     D:4: 856 daAuts
     D:2: 822 daAuts
     D:3: 472 daAuts
